 Dungeon Crawl Stone Soup version 0.21.1-1-g345015f (webtiles) character file.

55 letownia2 the Conjurer (level 3, 0/19 HPs)
             Began as a Tengu Fire Elementalist on Mar 5, 2018.
             Slain by an orc (2 damage)
             ... on level 3 of the Dungeon.
             The game lasted 00:01:31 (477 turns).

letownia2 the Conjurer (Tengu Fire Elementalist)     Turns: 477, Time: 00:01:32

Health: 0/19       AC:  4    Str: 10    XL:     3   Next: 93%
Magic:  2/7        EV: 15    Int: 16    God:
Gold:   38         SH:  0    Dex: 14    Spells: 5/6 levels left

rFire    . . .     SeeInvis .   k - +0 dagger
rCold    . . .     Gourm    .   (no shield)
rNeg     . . .     Faith    .   a - +0 robe
rPois    .         Spirit   .   (helmet restricted)
rElec    .         Reflect  .   (no cloak)
rCorr    .         Harm     .   (no gloves)
MR       .....     Clarity  +   (boots unavailable)
Stlth    ++........             (no amulet)
HPRegen  0.06/turn              (no ring)
MPRegen  0.10/turn              (no ring)

@: flying quickly and evasively, quick
A: beak, talons 3, icy blue scales 1, clarity, strong 1
a: no special abilities


You were on level 3 of the Dungeon.
You were not hungry.

You visited 1 branch of the dungeon, and saw 3 of its levels.

You collected 38 gold pieces.

Inventory:

Hand Weapons
 k - a +0 dagger (weapon)
Armour
 a - a +0 robe (worn)
Jewellery
 d - an uncursed ring of magical power {unknown}
Scrolls
 e - a scroll of identify {unknown}
 f - a scroll of remove curse {unknown}
 h - a scroll of enchant armour {unknown}
 i - a scroll of enchant weapon {unknown}
Potions
 m - a potion of haste {unknown}
Books
 b - a book of Flames

   Spells                             Type                      Level
   a - Flame Tongue                   Conjuration/Fire             1
   b - Throw Flame                    Conjuration/Fire             2
   c - Conjure Flame                  Conjuration/Fire             3
   d - Inner Flame                    Hexes/Fire                   3
   e - Sticky Flame                   Conjuration/Fire             4
   f - Fireball                       Conjuration/Fire             5
Comestibles
 c - 4 rations


   Skills:
 - Level 2.1 Dodging
 - Level 2.0 Stealth
 - Level 2.0 Spellcasting
 + Level 4.9 Conjurations
 - Level 3.2 Fire Magic


You had 5 spell levels left.
You knew the following spells:

 Your Spells              Type           Power        Failure   Level  Hunger
a - Flame Tongue          Conj/Fire      ##...        3%          1    #......


Dungeon Overview and Level Annotations

Branches:
Dungeon (3/15)

Altars:
Dithmenos

Annotations:
D:3 Natasha


Innate Abilities, Weirdness & Mutations

You have a beak for a mouth.
You have claws for feet.
You are partially covered in icy blue scales. (AC +2)
You possess an exceptional clarity of mind.
Your muscles are strong. (Str +2)


Message History

Aiming: Flame Tongue
Press: ? - help, Shift-Dir - straight line, f/p - orc
Aim: an orc, wielding a hand axe and wearing a leather armour The flame tongue hits the orc.
You kill the orc!
The orc hits you.
* * * LOW HITPOINT WARNING * * *
Unknown command.
Unknown command.
Casting: Flame Tongue
Confirm with . or Enter, or press ? or * to list all spells.
Aiming: Flame Tongue
Press: ? - help, Shift-Dir - straight line, f - orc
Aim: an orc, wielding a flail and wearing a chain mail (almost dead)
The flame tongue hits the orc.
You kill the orc!
The orc hits you with a hand axe.
* * * LOW HITPOINT WARNING * * *
The orc hits you.
You die...

##
##.+#
#oo.#
#@o#
####


You could see 3 orcs.

Vanquished Creatures
  Natasha (D:3)
  An adder (D:2)
  2 orcs (D:3)
  3 goblins
  3 jackals (D:2)
  2 bats
  4 kobolds
16 creatures vanquished.

Notes
Turn   | Place    | Note
-------+----------+-------------------------------------------
     0 | D:1      | letownia2 the Tengu Fire Elementalist began the quest for the Orb.
     0 | D:1      | Reached XP level 1. HP: 10/10 MP: 4/4
    42 | D:1      | Reached skill level 2 in Conjurations
   159 | D:2      | Found a shadowy altar of Dithmenos.
   245 | D:2      | Reached XP level 2. HP: 12/15 MP: 1/6
   316 | D:2      | Reached skill level 3 in Conjurations
   366 | D:3      | Noticed Natasha
   369 | D:3      | Killed Natasha
   369 | D:3      | Reached skill level 4 in Conjurations
   369 | D:3      | Reached XP level 3. HP: 8/19 MP: 3/7
   372 | D:3      | Noticed Natasha
   470 | D:3      | Gained mutation: You possess an exceptional clarity of mind. [potion of mutation]
   470 | D:3      | Gained mutation: You are partially covered in icy blue scales. (AC +2) [potion of mutation]
   470 | D:3      | Gained mutation: Your muscles are strong. (Str +2) [potion of mutation]
   477 | D:3      | Slain by an orc

Skill      XL: |  1  2 |
---------------+-------+-----
Conjurations   | 2 4 |  4.9
Dodging        | |  2.1
Stealth        | |  2.0
Spellcasting   | |  2.0
Fire Magic     | |  3.2

Action                   || total
-------------------------++-------
Melee: Unarmed           ||     1
 Cast: Flame Tongue      ||    26
  Use: Potion            ||     3
Armor: Robe              ||     1
Dodge: Dodged            ||    17
